 Dungeon Crawl Stone Soup version 0.18.1-48-g4cf74bf (webtiles) character file.

473 nikopol the Chopper (level 6, -4/84 HPs)
             Began as a Minotaur Berserker on Aug 25, 2016.
             Was a Priest of Trog.
             Slain by a gnoll
             ... wielding a +0 spear
              (5 damage)
             ... on level 4 of the Dungeon.
             The game lasted 00:08:01 (3302 turns).

nikopol the Chopper (Minotaur Berserker)            Turns: 3302, Time: 00:08:02

Health: -4/84      AC:  6    Str: 26    XL:     6   Next: 83%
Magic:  5/5        EV: 13    Int:  4    God:    Trog [***...]
Gold:   143        SH:  0    Dex: 12    Spells: 0 memorised, 5 levels left

rFire  . . .     SeeInvis .     a - +0 hand axe (chop)
rCold  . . .     Gourm    .     t - +0 ring mail
rNeg   . . .     Faith    .     (no shield)
rPois  .         Spirit   .     (helmet restricted)
rElec  .         Dismiss  .     (no cloak)
rCorr  .         Reflect  .     (no gloves)
SustAt .         Harm     .     (no boots)
MR     .....                    (no amulet)
Stlth  ..........               (no ring)
                                (no ring)

@: berserking (expiring), very quick, not resistant to hostile enchantments,
extremely unstealthy
A: retaliatory headbutt, horns 2
a: Berserk, Trog's Hand, Burn Spellbooks, Renounce Religion


You were on level 4 of the Dungeon.
You worshipped Trog.
Trog was most pleased with you.
You were not hungry.

You visited 1 branch of the dungeon, and saw 4 of its levels.

You collected 143 gold pieces.

Inventory:

Hand Weapons
 a - a +0 hand axe of chopping (weapon)
 w - a +0 hand axe
Armour
 b - a +0 animal skin
 k - a +0 leather armour of poison resistance
 t - a +0 ring mail (worn)
Jewellery
 z - a cursed ring of teleportation {unknown}
Wands
 B - a wand of polymorph (6/24)
Scrolls
 e - 6 scrolls of identify {unknown}
 g - a scroll of immolation {unknown}
 i - a scroll of blinking {unknown}
 j - 3 scrolls of remove curse {unknown}
 l - a scroll of random uselessness {unknown}
 m - 3 scrolls of magic mapping {unknown}
 p - 2 scrolls of amnesia {unknown}
 q - a scroll of fear {unknown}
 y - a scroll of enchant weapon {unknown}
 A - a scroll of teleportation {unknown}
Potions
 d - 2 potions of lignification {unknown}
 f - 2 potions of mutation {unknown}
 h - 3 potions of flight {unknown}
 r - a potion of curing {unknown}
 u - a potion of might {unknown}
 v - a potion of agility {unknown}
 x - 2 potions of resistance {unknown}
Comestibles
 c - 3 bread rations
 n - 2 meat rations
 o - a slice of pizza
 s - 2 chunks of flesh


   Skills:
 + Level 5.5 Fighting
 + Level 5.7 Axes
 + Level 4.8 Armour
 + Level 4.4 Dodging


You had 5 spell levels left.
You didn't know any spells.

Dungeon Overview and Level Annotations

Branches:
Dungeon (4/15)
 Temple: D:4-7

Altars:
Xom
Yredelemnul

Shops:
D:4 :


Innate Abilities, Weirdness & Mutations

You reflexively headbutt those who attack you in melee.
You have a pair of horns on your head.


Message History

You slash the gnoll!
The gnoll is almost dead.
The gnoll shaman closely misses you. The gnoll hits you with a flail.
* * * LOW HITPOINT WARNING * * *
The gnoll hits you but does no damage.
You hit the gnoll shaman.
The gnoll shaman is moderately wounded.
You barely miss the gnoll.
The gnoll is almost dead.
You slash the gnoll shaman!
The gnoll shaman is severely wounded.
You closely miss the gnoll.
The gnoll is almost dead.
* * * LOW HITPOINT WARNING * * *
You feel sick.
You are no longer poisoned.
The gnoll shaman utters an invocation to its god.
The gnoll shaman is healed somewhat.
The gnoll hits you from afar with a spear.
You die...

##.#...)....#.
#.>...###.......##.#. .
#.................... ..
#.....#...#..........
...#..............#...##
............#....##...##
.#.....g.................
.......gg)....##.#.#....#
.∩.# ##@...####.#.###..#
....###.....#............
.#.......................
.........................
######..###...........††.
#.## #............(. #.#
##..............
#.###...............
#.##..#.............


You could see a gnoll shaman and 2 gnolls.

Vanquished Creatures
  The ghost of dvd the Firebug, an amateur DEFE of Vehumet (D:3)
  A hound (D:4)
  A centaur skeleton (D:4)
  An iguana (D:4)
  Ijyb (D:2)
  Natasha (thrice) (D:2)
  A worker ant (D:4)
  4 gnolls
  7 adders
  An ooze (D:3)
  2 worms (D:3)
  4 giant geckos
  An orc (D:3)
  12 bats
  6 giant cockroaches
  10 goblins
  8 hobgoblins
  6 jackals
  8 kobolds
  2 quokkas
  2 giant newts
  5 rats
  A spectral orc (D:2)
88 creatures vanquished.

Notes
Turn   | Place    | Note
--------------------------------------------------------------
     0 | D:1      | nikopol the Minotaur Berserker began the quest for the Orb.
     0 | D:1      | Reached XP level 1. HP: 19/19 MP: 0/0
    69 | D:1      | Reached XP level 2. HP: 21/27 MP: 1/1
   448 | D:1      | Reached ** piety under Trog
   484 | D:1      | Reached XP level 3. HP: 26/33 MP: 2/2
   886 | D:2      | Noticed Natasha
   893 | D:2      | Killed Natasha
  1063 | D:2      | Noticed Ijyb
  1074 | D:2      | Killed Ijyb
  1074 | D:2      | Reached XP level 4. HP: 22/40 MP: 3/3
  1085 | D:2      | Noticed Natasha
  1095 | D:2      | HP: 2/40 [Natasha (9)]
  1097 | D:2      | Killed Natasha
  1285 | D:2      | Noticed Natasha
  1294 | D:2      | Killed Natasha
  1294 | D:2      | Reached XP level 5. HP: 13/47 MP: 4/4
  1706 | D:2      | Reached skill level 5 in Axes
  1725 | D:2      | Found a shimmering altar of Xom.
  1975 | D:2      | Found a basalt altar of Yredelemnul.
  2311 | D:3      | Reached skill level 5 in Fighting
  2346 | D:3      | Noticed dvd's ghost (amateur DEFE)
  2532 | D:3      | Killed dvd's ghost
  2532 | D:3      | Reached *** piety under Trog
  2532 | D:3      | Reached XP level 6. HP: 56/56 MP: 5/5
  3288 | D:4      | Found Jouhees's Book Shop.
  3300 | D:4      | HP: 2/84 [gnoll/flail (5)]
  3302 | D:4      | Slain by a gnoll

Skill      XL: |  1  2  3  4  5 |
---------------+----------------+-----
Axes           | 4 5 |  5.7
Fighting       | 4 5 |  5.5
Armour         | 3 4 |  4.8
Dodging        | 3 4 |  4.4

Action                   |  1- 3 |  4- 6 || total
-------------------------+-------+-------++-------
Melee: Hand axe          |    74 |   140 ||   214
       Headbutt          |     8 |    29 ||    37
Invok: Berserk           |       |     2 ||     2
  Eat: Chunk             |       |     9 ||     9
Armor: Animal skin       |    16 |       ||    16
       Leather armour    |     1 |    13 ||    14
       Ring mail         |       |    22 ||    22
Dodge: Dodged            |    45 |    85 ||   130
